 Dungeon Crawl Stone Soup version 0.23.0-3-gf3c87f2 (webtiles) character file.

Game seed: 4987840292496896547

3298 Borgoz the Sneak (level 10, -1/78 (80) HPs)
             Began as a Ghoul Enchanter on Feb 24, 2019.
             Was an Initiate of Ashenzari.
             Slain by an orc priest
             ... wielding a +0 dagger
              (2 damage)
             ... on level 7 of the Dungeon.
             The game lasted 00:23:45 (8332 turns).

Borgoz the Sneak (Ghoul Enchanter)                  Turns: 8332, Time: 00:23:46

HP:   -1/78 (80)    AC:  9    Str: 13    XL:     10   Next: 1%
MP:   15/15         EV: 13    Int: 14    God:    Ashenzari [......]
Gold: 351           SH:  0    Dex: 16    Spells: 14/17 levels left

rFire    . . .     SeeInvis .   a - +0 short sword (venom)
rCold    + . .     Gourm    .   (no shield)
rNeg     + + +     Faith    .   n - +0 ring mail
rPois    ∞         Spirit   .   c - +0 hat
rElec    .         Reflect  +   A - scarf {repulsion}
rCorr    .         Harm     .   j - +0 pair of gloves
MR       .....                  x - +1 pair of boots
Stlth    +.........             t - +4 amulet of reflection
HPRegen  0.00/turn              o - +4 ring of dexterity
MPRegen  0.14/turn              w - ring "Gitwye" {rPois Int+4}

@: confused, very slightly contaminated, rotting, repel missiles
A: rotting body, claws 1, carnivore, cold resistance 1, negative energy
resistance 3, inhibited regeneration, torment resistance, unbreathing
a: Curse Item, Renounce Religion


You were on level 7 of the Dungeon.
You worshipped Ashenzari.
Ashenzari was noncommittal.
You were not hungry.

You visited 2 branches of the dungeon, and saw 8 of its levels.

You collected 351 gold pieces.

Inventory:

Hand Weapons
 a - a +0 short sword of venom (weapon)
 b - a +0 blowgun
 i - a +2 quarterstaff of chaos
 s - a +3 dagger of protection
Armour
 c - a +0 hat (worn)
 j - a +0 pair of gloves (worn)
 n - a +0 ring mail (worn)
 x - a +1 pair of boots (worn)
 A - a scarf of repulsion (worn)
Jewellery
 h - an uncursed ring of fire
 o - a +4 ring of dexterity (left hand)
 t - a +4 amulet of reflection (around neck)
 u - an uncursed ring of flight
 w - the ring "Gitwye" (right hand) {rPois Int+4}
   (You found it on level 6 of the Dungeon)

   [ring of poison resistance]

   It affects your intelligence (+4).
   It protects you from poison.
Wands
 l - a wand of iceblast (13)
 r - a wand of enslavement (7)
Scrolls
 e - 2 scrolls of noise {unknown}
 f - 3 scrolls of blinking {unknown}
 g - a scroll of teleportation
 m - 4 scrolls of amnesia
 p - a scroll of magic mapping {unknown}
 v - 4 scrolls of remove curse
Potions
 y - 2 potions of haste
 z - a potion of brilliance
Comestibles
 d - 12 rations


   Skills:
 + Level 4.7 Fighting
 * Level 6.5 Short Blades
 + Level 4.0 Armour
 + Level 4.9 Dodging
 + Level 6.8 Stealth
 + Level 4.3 Spellcasting
 + Level 4.6 Hexes


You had 14 spell levels left.
You knew the following spells:

 Your Spells              Type           Power        Failure   Level  Hunger
a - Corona                Hex            ###....      6%          1    None
b - Ensorcelled Hibernat  Hex/Ice        #.....       22%         2    ##.....

Your spell library contained the following spells:

 Spells                   Type           Power        Failure   Level  Hunger
 Confuse                  Hex            ###.....     17%         3    ###....
 Tukima's Dance           Hex            ###.....     17%         3    ###....
 Dazzling Spray           Conj/Hex       #.....       41%         3    ###....


Dungeon Overview and Level Annotations

Branches:
Dungeon (7/15)             Temple (1/1) D:5

Altars:
Ashenzari
Cheibriados
Dithmenos
Elyvilon
Fedhas
Gozag
Hepliaklqana
Kikubaaqudgha
Makhleb
Nemelex Xobeh
Qazlal
Ru
Sif Muna
Trog
Uskayaw
Vehumet
Xom
Yredelemnul
Zin
The Shining One


Innate Abilities, Weirdness & Mutations

Your body is rotting away.
You thrive on raw meat.
You are immune to poison.
You have sharp fingernails.
You are carnivorous and can eat meat at any time.
Your flesh is cold resistant. (rC+)
You are immune to negative energy. (rN+++)
You do not regenerate when monsters are visible.
You are immune to unholy pain and torment.
You can survive without breathing.


Message History

The orc warrior zaps a wand.
You shrug off the repeated paralysis!
The orc priest hits you but does no damage.
You can move again.
Okay, then.
Okay, then.
You are confused.
You feel invigorated.
The orc warrior hits you but does no damage.
The orc priest calls down the wrath of Beogh upon you.
Beogh smites you!
* * * LOW HITPOINT WARNING * * *
Okay, then.
You're too confused to cast spells.
You're too confused to move!
The orc warrior closely misses you.
The orc priest hits you but does no damage.
You barely miss the orc priest.
The orc warrior hits you with a +0 short sword!
* * * LOW HITPOINT WARNING * * *
The orc priest hits you with a +0 dagger.
You die...

^.####### #.......# #.# #.#
........# #.#####.# #.# #.#
.<#####.# #.# #.###.####.# ###
#.# #.# #........#.# # #.# #=#
#.###.##.#.##### ### #.#
#.#####.# #.##........ ..#####.#
#.......# #.####.##### #....##.#
##.(o#### #.# #.# # ####.##.#
#.###@# #.# #.##### ####.##.##
#.# #o# #.# #.##...
.........###.###.#####.####.##.##
####.###...........o...#.........
# #.##.....##.#########.##......
## #.##..................#####.##
.# #................####.........
.# #####(..###.#.#.## #.#####.##
.# ##(## #.#.#.# #.# #.#


You could see an orc warrior and an orc priest.

Vanquished Creatures
  Pikel (D:4)
  Grinder (D:4)
  Sigmund (D:3)
  Edmund (D:3)
  Duvessa (D:4)
  An orc warrior (D:7)
  3 ice beasts
  A sky beast (D:6)
  2 phantoms
  A necrophage (D:7)
  An eye of draining (D:6)
  4 ogres
  2 centaurs
  A bullfrog (D:7)
  Dowan (D:4)
  3 killer bees (D:7)
  A howler monkey (D:4)
  2 crimson imps (D:6)
  A jelly (D:7)
  A hound (D:7)
  Crazy Yiuf (D:2)
  A bullfrog skeleton (D:5)
  Jessica (D:3)
  Natasha (thrice) (D:3)
  5 worker ants
  A worker ant zombie (D:5)
  Robin (D:4)
  8 adders
  3 shadow imps (D:6)
  2 oozes
  An adder zombie (D:3)
  An adder skeleton (D:4)
  3 worms
  A dart slug (D:1)
  4 leopard geckos
  23 orcs
  7 bats
  5 giant cockroaches
  11 goblins
  9 hobgoblins
  12 jackals
  9 kobolds
  6 quokkas
  5 frilled lizards
  A giant cockroach zombie (D:5)
  A quokka zombie (D:5)
  7 rats
162 creatures vanquished.

Vanquished Creatures (others)
  A giant cockroach (D:4)
  A bush (D:6)
2 creatures vanquished.

Grand Total: 164 creatures vanquished

Notes
Turn   | Place    | Note
-------+----------+-------------------------------------------
     0 | D:1      | Borgoz the Ghoul Enchanter began the quest for the Orb.
     0 | D:1      | Reached XP level 1. HP: 14/14 MP: 2/2
    38 | D:1      | Reached skill level 1 in Short Blades
   157 | D:1      | Reached XP level 2. HP: 12/20 MP: 2/4
   217 | D:1      | Learned a level 2 spell: Ensorcelled Hibernation
   641 | D:2      | Reached XP level 3. HP: 10/26 MP: 2/5
  1644 | D:2      | Reached XP level 4. HP: 32/33 MP: 6/6
  2225 | D:2      | Found a runed translucent door.
  2226 | D:2      | Noticed Crazy Yiuf
  2233 | D:2      | Killed Crazy Yiuf
  2422 | D:3      | Noticed Sigmund
  2438 | D:3      | Reached XP level 5. HP: 25/39 MP: 4/7
  2464 | D:3      | Killed Sigmund
  2464 | D:3      | Reached skill level 1 in Fighting
  2464 | D:3      | Reached skill level 1 in Armour
  2464 | D:3      | Reached XP level 6. HP: 21/47 MP: 6/8
  2719 | D:4      | Noticed a slave
  2850 | D:4      | Noticed Duvessa
  2851 | D:4      | Noticed Dowan
  2907 | D:3      | Noticed Natasha
  2952 | D:3      | Killed Natasha
  3066 | D:3      | Noticed Natasha
  3071 | D:3      | Killed Natasha
  3079 | D:3      | Noticed Natasha
  3127 | D:3      | Killed Natasha
  3222 | D:3      | Noticed Jessica
  3231 | D:3      | Killed Jessica
  3482 | D:4      | Noticed Edmund
  3490 | D:4      | Noticed a phantom
  3543 | D:3      | Killed Edmund
  3543 | D:3      | Reached XP level 7. HP: 38/55 MP: 0/10
  3656 | D:4      | Killed Duvessa
  3669 | D:4      | Killed Dowan
  3669 | D:4      | Reached skill level 5 in Stealth
  3748 | D:4      | Noticed Grinder
  3756 | D:4      | Paralysed by Grinder for 6 turns
  3779 | D:4      | Killed Grinder
  3779 | D:4      | Reached XP level 8. HP: 51/62 MP: 11/11
  4261 | D:4      | Noticed Robin
  4276 | D:4      | Killed Robin
  4329 | D:4      | Found a bloodstained altar of Trog.
  4555 | D:4      | Noticed Pikel
  4572 | D:4      | Paralysed by Pikel for 5 turns
  4585 | D:4      | Killed Pikel
  4585 | D:4      | Reached skill level 5 in Short Blades
  4787 | D:5      | Entered Level 5 of the Dungeon
  4794 | D:5      | Reached XP level 9. HP: 66/70 MP: 13/13
  5344 | D:5      | Found a staircase to the Ecumenical Temple.
  5365 | Temple   | Entered the Ecumenical Temple
  5515 | Temple   | Became a worshipper of Ashenzari the Shackled
  5929 | D:6      | Found a shattered altar of Ashenzari.
  5939 | D:6      | Identified the ring "Gitwye" {rPois Int+4}
  6144 | D:6      | Found a stormy altar of Qazlal.
  7785 | D:7      | Found a sparkling altar of Nemelex Xobeh.
  7905 | D:7      | Paralysed by an orc warrior for 5 turns
  8073 | D:7      | Reached XP level 10. HP: 60/79 MP: 15/15
  8212 | D:7      | Found a deep blue altar of Sif Muna.
  8322 | D:7      | Paralysed by an orc warrior for 7 turns
  8332 | D:7      | HP: 1/78 [orc warrior/+0 short sword (11)]
  8332 | D:7      | Slain by an orc priest

Skill      XL: |  1  2  3  4  5  6  7  8  9 |
---------------+----------------------------+-----
Short Blades   | 1 2 3 4 5 6 |  6.5
Spellcasting   | 2 3 4 |  4.3
Dodging        | 2 3 4 |  4.9
Stealth        | 4 5 6 |  6.8
Fighting       | 1 2 3 4 |  4.7
Armour         | 1 2 3 4 |  4.0
Hexes          | 3 4 |  4.6

Action                   |  1- 3 |  4- 6 |  7- 9 | 10-12 || total
-------------------------+-------+-------+-------+-------++-------
Melee: Dagger            |   157 |   247 |    31 |       ||   435
       Short sword       |       |       |   490 |     6 ||   496
 Cast: Corona            |     3 |       |    18 |       ||    21
       Ensorcelled Hiber |     8 |    13 |    15 |     3 ||    39
Evoke: Wand              |       |     1 |     7 |       ||     8
  Use: Scroll            |     1 |     3 |     5 |       ||     9
       Potion            |     1 |     6 |     1 |     1 ||     9
 Stab: Sleeping          |     9 |     9 |    11 |       ||    29
       Confused          |       |     2 |       |       ||     2
  Eat: Chunk             |    18 |    21 |    17 |     1 ||    57
Armor: Robe              |    38 |       |       |       ||    38
       Ring mail         |     4 |    68 |   134 |    10 ||   216
Dodge: Dodged            |   132 |   107 |   239 |     7 ||   485
Block: Other             |       |       |    61 |       ||    61
       Reflection        |       |       |     2 |       ||     2
